cohdb
Replays
Latest Replays
All Replays
Popular Replays
Top Player Replays
Match Explorer
How It Works
Community
CoH3 Stats
Reddit
Sign in to upload your games and track your stats! →
Sign in with Steam
Match 41702513
Unlisted
Match 41702513
Overview
Messages
Build Orders
End
Panzerpioneer Squad
Selects Battlefield Espionage Battlegroup
Panzergrenadier Squad
250 Light Carrier
Panzergrenadier Squad
Construct Light Support Kompanie
2.5-tonne Medical Truck
Fire Support Elements
Selects Intel Disruption Beacon
Panzerjäger Squad
Panzerpioneer Squad
Selects 250/3 Funkpanzerwagen
Pak 38 Anti-tank Gun Team
Panzerpioneer Squad
Pak 38 Anti-tank Gun Team
Selects Plunder
Panzerpioneer Squad
Assault Mechanized Group
Axelwine
SuCu
BigTiddyLebron
kreumat
0
0
Comments
sign in to comment!
No comments posted yet!